 Dungeon Crawl Stone Soup version 0.21-a0-59-g7b0e191 (webtiles) character file.

33960 Klosterheim the Markscentaur (level 13, -6/169 HPs)
             Began as a Centaur Hunter on June 6, 2017.
             Was an Elder of Yredelemnul.
             Killed by divine providence
             ... invoked by a meliai
              (14 damage)
             ... on level 4 of the Lair of Beasts on June 16, 2017.
             The game lasted 01:05:12 (30303 turns).

Klosterheim the Markscentaur (Centaur Hunter)      Turns: 30303, Time: 01:05:13

Health: -6/169     AC: 13    Str: 24    XL:     13   Next: 39%
Magic:  0/28       EV:  5    Int: 10    God:    Yredelemnul [****..]
Gold:   770        SH:  0    Dex: 17    Spells: 10/12 levels left

rFire    . . .     SeeInvis .   b - +0 scythe
rCold    . . .     Gourm    .   (shield currently unavailable)
rNeg     . . .     Faith    .   W - +0 plate armour
rPois    +         Spirit   +   H - +0 helmet
rElec    .         Reflect  .   u - +2 cloak {rPois}
rCorr    .         Harm     .   k - +0 pair of gloves
MR       .....                  (no barding)
Stlth    ..........             M - amulet of guardian spirit
HPRegen  0.38/turn              i - +6 ring of dexterity
MPRegen  0.21/turn              T - ring of magical power

@: berserking, very quick
A: hooves 3, deformed body, speed 2, tough skin 3
a: Recall Undead Slaves, Injury Mirror, Animate Dead, Drain Life, Renounce
Religion


You were on level 4 of the Lair of Beasts.
You worshipped Yredelemnul.
Yredelemnul was greatly pleased with you.
You were not hungry.

You visited 4 branches of the dungeon, and saw 16 of its levels.
You also visited: Ossuary.

You collected 770 gold pieces.

Inventory:

Hand Weapons
 a - a +2 shortbow
 b - a +0 scythe (weapon)
Missiles
 G - 102 arrows
Armour
 k - a +0 pair of gloves (worn)
 u - a +2 cloak of poison resistance (worn)
 H - a +0 helmet (worn)
 W - a +0 plate armour (worn)
Jewellery
 i - a +6 ring of dexterity (left hand)
 s - an uncursed amulet of magic regeneration {unknown}
 t - an uncursed ring of protection from cold
 z - an uncursed ring of flight
 M - an amulet of guardian spirit (around neck)
 N - an uncursed ring of see invisible {unknown}
 S - an uncursed amulet of magic regeneration {unknown}
 T - a ring of magical power (right hand)
 Y - an uncursed amulet of the gourmand {unknown}
Wands
 m - a wand of flame (21/48)
 A - a wand of flame (42/48)
 U - a wand of lightning (3/15)
 V - a wand of iceblast (3/15)
Scrolls
 d - 5 scrolls of identify
 e - 3 scrolls of recharging
 g - 3 scrolls of enchant armour
 h - 2 scrolls of magic mapping
 j - a scroll of blinking
 w - a scroll of immolation
 x - a scroll of brand weapon {unknown}
 y - 8 scrolls of teleportation
 B - 4 scrolls of remove curse
 E - a scroll of holy word {unknown}
 L - 5 scrolls of amnesia
 X - a scroll of fear
Potions
 l - a potion of might {unknown}
 n - a potion of degeneration {unknown}
 p - a potion of brilliance
 q - a potion of lignification
 r - 2 potions of agility
 v - a potion of haste
 C - 2 potions of invisibility
 D - 2 potions of mutation
 F - 3 potions of flight {unknown}
 I - a potion of berserk rage
 J - 2 potions of experience {unknown}
 K - a potion of resistance
 P - 2 potions of magic {unknown}
Books
 c - a book of the Earth

   Spells                             Type                      Level
   a - Leda's Liquefaction            Hexes/Earth                  4
   b - Bolt of Magma                  Conjuration/Fire/Earth       5
   c - Statue Form                    Transmutation/Earth          6
   d - Iron Shot                      Conjuration/Earth            6
   e - Shatter                        Earth                        9
Comestibles
 f - 12 bread rations
 o - 10 chunks of flesh


   Skills:
 + Level 9.8 Fighting
 * Level 13.0 Polearms
 * Level 17.2 Bows
 - Level 1.3 Dodging
 - Level 0.4 Stealth
 - Level 8.1 Invocations


You had 10 spell levels left.
You knew the following spells:

 Your Spells              Type           Power        Failure   Level  Hunger
a - Blink                 Tloc           N/A          100%        2    ###....


Dungeon Overview and Level Annotations

Branches:
Dungeon (10/15)            Temple (1/1) D:6            Lair (4/6) D:10
  Swamp (0/4) Lair:4        Snake (1/4) Lair:2          Orc (0/2) D:10

Altars:
Ashenzari
Cheibriados
Dithmenos
Elyvilon
Fedhas
Gozag
Kikubaaqudgha
Makhleb
Nemelex Xobeh
Okawaru
Qazlal
Ru
Sif Muna
Trog
Uskayaw
Vehumet
Wu Jian
Xom
Yredelemnul
Zin
The Shining One

Shops:
Snake:1 :

Annotations:
D:5 Dowan, Duvessa
Lair:4 exclusion: oklob plant


Innate Abilities, Weirdness & Mutations

You have hooves in place of feet.
Armour fits poorly on your strangely shaped body.
You cover ground very quickly.
You have extremely tough skin. (AC +3)


Message History

The meliai hits you with a hand axe!
* * * LOW HITPOINT WARNING * * *
The meliai stings you!
* * * LOW HITPOINT WARNING * * *
The meliai hits you but does no damage.
The meliai stings you but does no damage.
A red film seems to cover your vision as you go berserk!
You feel yourself moving faster!
You feel mighty!
The meliai calls down the wrath of its god upon you.
Something smites you!
* * * LOW HITPOINT WARNING * * *
The meliai invokes the aid of its god against you.
Something smites you!
* * * LOW HITPOINT WARNING * * *
You miss the meliai. Your kick misses the meliai.
The meliai is almost dead.
The meliai invokes the aid of its god against you.
Something smites you!
You die...
Your body rises from the dead as a mindless zombie.

....###...#.....####
.....###...Z...P#
.......#....#####
.≈.....#..Z.#
.........####
...#.....#
#........##
.##.P.....#
#....).@##
#####..y.#
##.......#
#..#......#
#...##......# .#..
#..##..# #. ..##
#... #. .># ##.. ..#
..


You could see a meliai.

Vanquished Creatures
  An ice dragon (Lair:2)
  3 hydras
  A two-headed ogre (D:9)
  6 death yaks (Lair:3)
  A naga sharpshooter (Snake:1)
  Sonja (Lair:4)
  An unseen horror (D:10)
  Pikel (D:7)
  A manticore (Lair:4)
  A black mamba (Lair:4)
  Joseph (D:9)
  2 rime drakes
  2 komodo dragons
  3 spiny frogs
  A meliai (Lair:4)
  A polar bear (Lair:2)
  2 blink frogs (Lair:3)
  Prince Ribbit (D:6)
  3 trolls
  Grinder (D:6)
  9 hippogriffs
  Sigmund (D:2)
  A spriggan (D:7)
  A vampire (D:10)
  Eustachio (D:6)
  3 basilisks
  4 wyverns
  26 yaks
  A hungry ghost (D:10)
  The ghost of KristoblXynda the Chopper, an amateur DsGl (Ossuary)
  3 nagas (Lair:2)
  8 porcupines
  10 water moccasins
  6 orc warriors
  2 sky beasts
  A black bear (D:8)
  13 ice beasts
  9 ogres
  A necrophage (D:10)
  3 wolves (Lair:3)
  A phantom (D:4)
  5 centaurs
  7 crocodiles
  An elf zombie (Ossuary)
  15 bullfrogs
  A wyvern zombie (D:6)
  2 scorpions
  2 wyvern skeletons (D:10)
  A yak zombie (Lair:4)
  11 killer bees (Lair:4)
  A howler monkey (D:3)
  6 wights
  3 electric eels
  2 crimson imps
  A bullfrog zombie (D:6)
  2 human zombies (Ossuary)
  7 orc priests
  5 hounds
  3 jellies
  7 orc wizards
  Crazy Yiuf (D:2)
  3 centaur skeletons
  Jessica (D:2)
  2 bullfrog skeletons
  4 iguanas
  Natasha (twice) (D:2)
  3 worker ants
  A killer bee zombie (D:6)
  2 mummies (Ossuary)
  Robin (D:3)
  6 gnolls
  10 adders
  A shadow imp (D:10)
  An ooze (D:3)
  4 adder zombies (Ossuary)
  3 worms (D:2)
  3 dart slugs
  2 leopard geckos
  29 orcs
  2 ball pythons
  8 giant cockroaches
  16 goblins
  10 hobgoblins
  20 jackals
  4 quokkas
  5 bats
  7 frilled lizards
  A goblin zombie (Ossuary)
  10 hobgoblin zombies (Ossuary)
  A jackal skeleton (D:5)
  3 jackal zombies
  5 kobolds
  10 kobold zombies (Ossuary)
  6 orc zombies
  A quokka skeleton (D:4)
  A quokka zombie (D:8)
  7 rats
  A rat zombie (Ossuary)
  A fungus (Lair:2)
419 creatures vanquished.

Vanquished Creatures (collateral kills)
  2 death yaks (Lair:4)
  2 elephants (Lair:4)
  3 spiny frogs (Lair:4)
  A rime drake (Lair:4)
  A komodo dragon (Lair:4)
  A queen bee (Lair:4)
  A meliai (Lair:4)
  2 blink frogs (Lair:4)
  4 yaks
  2 water moccasins
  A crocodile (Lair:4)
  2 bullfrogs (Lair:4)
  15 killer bees (Lair:4)
  An orc priest (D:10)
  A leopard gecko (D:10)
  An orc (D:10)
  A fungus (Lair:4)
  A plant (Lair:4)
42 creatures vanquished.

Vanquished Creatures (others)
  A wraith (Lair:4)
  2 spiny frog zombies (Lair:4)
  A slave (D:7)
  A blink frog zombie (Lair:4)
  A hippogriff zombie (Lair:4)
  A rime drake zombie (Lair:4)
  2 wyvern zombies (Lair:4)
  2 water moccasin zombies (Lair:4)
  A water moccasin skeleton (Lair:4)
  2 wights
  2 yak skeletons
  2 bullfrog zombies (D:10)
  A black bear zombie (D:8)
  13 killer bee zombies (Lair:4)
  A sky beast zombie (D:10)
  A mummy (D:10)
  A worker ant zombie (D:10)
  A gnoll (D:7)
  A jackal (D:7)
  A leopard gecko zombie (D:10)
  2 orc zombies
  A bush (Lair:3)
  10 fungi
  9 plants
60 creatures vanquished.

Grand Total: 521 creatures vanquished

Notes
Turn   | Place    | Note
-------+----------+-------------------------------------------
     0 | D:1      | Klosterheim the Centaur Hunter began the quest for the Orb.
     0 | D:1      | Reached XP level 1. HP: 17/17 MP: 1/1
   692 | D:1      | Reached XP level 2. HP: 25/25 MP: 2/2
  1166 | D:2      | Reached skill level 6 in Bows
  1166 | D:2      | Reached XP level 3. HP: 24/30 MP: 3/3
  1486 | D:2      | Noticed Sigmund
  1514 | D:2      | Killed Sigmund
  1514 | D:2      | Reached skill level 7 in Bows
  1514 | D:2      | Reached XP level 4. HP: 34/40 MP: 4/4
  1514 | D:2      | Reached XP level 5. HP: 39/46 MP: 5/5
  1600 | D:2      | Reached skill level 8 in Bows
  1835 | D:2      | Noticed Jessica
  1837 | D:2      | Killed Jessica
  2051 | D:2      | Found a hide-covered altar of Uskayaw.
  2052 | D:2      | Noticed a dagger
  2052 | D:2      | Noticed a dagger
  2108 | D:2      | Noticed Natasha
  2119 | D:2      | Killed Natasha
  2119 | D:2      | Reached XP level 6. HP: 44/52 MP: 6/6
  2599 | D:2      | Noticed Natasha
  2604 | D:2      | Killed Natasha
  2808 | D:2      | Found a runed door.
  2913 | D:2      | Noticed Crazy Yiuf
  2974 | D:2      | Killed Crazy Yiuf
  3121 | D:3      | Learned a level 2 spell: Blink
  3144 | D:3      | Reached skill level 9 in Bows
  3524 | D:3      | Noticed Robin
  3558 | D:3      | Killed Robin
  3559 | D:3      | Reached XP level 7. HP: 48/60 MP: 7/7
  3888 | D:3      | Found a faded altar of an unknown god.
  4248 | D:4      | Reached skill level 5 in Fighting
  4575 | D:4      | Reached skill level 10 in Bows
  5641 | D:5      | Entered Level 5 of the Dungeon
  5835 | D:5      | Reached XP level 8. HP: 55/70 MP: 8/8
  5842 | D:5      | Reached skill level 1 in Polearms
  5842 | D:5      | Reached skill level 11 in Bows
  6308 | D:5      | Noticed Dowan
  6886 | D:5      | Noticed Duvessa
  7073 | D:6      | Found a sparkling altar of Nemelex Xobeh.
  7422 | D:6      | Found a staircase to the Ecumenical Temple.
  7443 | Temple   | Entered the Ecumenical Temple
  7719 | Temple   | Became a worshipper of Yredelemnul the Dark
  8049 | D:6      | Reached skill level 5 in Polearms
  8192 | D:6      | Noticed Eustachio
  8507 | D:6      | Killed Eustachio
  8507 | D:6      | Reached XP level 9. HP: 40/75 MP: 9/9
  8758 | D:6      | Noticed Prince Ribbit
  8770 | D:6      | Noticed Grinder
  8967 | D:7      | Found a sacrificial altar of Ru.
  8967 | D:7      | Found a radiant altar of Vehumet.
  8967 | D:7      | Found a snail-covered altar of Cheibriados.
  9023 | D:7      | Noticed Pikel
  9047 | D:7      | Killed Pikel
  9082 | D:7      | Found a sand-covered staircase.
  9094 | Ossuary  | Entered an ossuary
  9094 | Ossuary  | Noticed KristoblXynda's ghost (amateur DsGl)
  9133 | Ossuary  | Killed KristoblXynda's ghost
  9406 | Ossuary  | Reached * piety under Yredelemnul
  9611 | Ossuary  | Reached ** piety under Yredelemnul
 11162 | D:8      | Reached XP level 10. HP: 77/83 MP: 10/10
 11560 | D:8      | Reached skill level 12 in Bows
 12856 | D:6      | Reached skill level 1 in Invocations
 13197 | D:6      | Paralysed by Grinder for 7 turns
 13221 | D:6      | Killed Grinder
 13224 | D:6      | Killed Prince Ribbit
 13333 | D:6      | Upgraded the game from 0.21-a0-43-g1479571 to 0.21-a0-46-gdf2c162
 13984 | D:9      | Reached skill level 10 in Polearms
 14095 | D:9      | Noticed Joseph
 14105 | D:9      | Paralysed by Joseph for 5 turns
 14125 | D:9      | Killed Joseph
 14398 | D:9      | Noticed a two-headed ogre
 14429 | D:9      | Killed a two-headed ogre
 14429 | D:9      | Reached skill level 13 in Bows
 14704 | D:10     | Entered Level 10 of the Dungeon
 15399 | D:10     | Reached *** piety under Yredelemnul
 15592 | D:10     | Reached XP level 11. HP: 89/92 MP: 13/13
 15925 | D:10     | Found a staircase to the Lair.
 15941 | D:10     | Received a gift from Yredelemnul (a mummy)
 16204 | D:10     | HP: 3/92 [something (2)]
 16209 | D:10     | Killed an unseen horror
 16931 | D:10     | Identified Sif Muna's Guide on Malediction and the Mountains
 17480 | D:10     | Reached skill level 14 in Bows
 17618 | D:10     | Found a staircase to the Orcish Mines.
 17882 | Lair:1   | Entered Level 1 of the Lair of Beasts
 18938 | Lair:1   | Reached skill level 5 in Invocations
 19803 | Lair:2   | Received a gift from Yredelemnul (a wight)
 20493 | Lair:2   | Reached **** piety under Yredelemnul
 20534 | Lair:2   | Found a staircase to the Snake Pit.
 20567 | Lair:2   | Reached skill level 15 in Bows
 20677 | Lair:2   | Reached XP level 12. HP: 69/102 MP: 16/16
 21606 | Lair:2   | Noticed an ice dragon
 21628 | Lair:2   | Killed an ice dragon
 22051 | Snake:1  | Entered Level 1 of the Snake Pit
 22061 | Snake:1  | Found Siamp's Book Shoppe.
 24203 | Lair:3   | Noticed a death yak
 24203 | Lair:3   | Noticed a death yak
 24203 | Lair:3   | Noticed a death yak
 24204 | Lair:3   | Noticed a death yak
 24228 | Lair:3   | Noticed a five-headed hydra
 24248 | Lair:3   | Killed a five-headed hydra
 24538 | Lair:3   | Killed a death yak
 24538 | Lair:3   | Received a gift from Yredelemnul (a wight)
 24772 | Lair:2   | Upgraded the game from 0.21-a0-46-gdf2c162 to 0.21-a0-50-g941c862
 24944 | Lair:3   | Killed a death yak
 24944 | Lair:3   | Reached skill level 16 in Bows
 25021 | Lair:3   | Killed a death yak
 25503 | Lair:3   | Killed a death yak
 26016 | Lair:3   | Noticed an eight-headed hydra
 26132 | Lair:3   | Killed an 11-headed hydra
 26590 | Lair:3   | Upgraded the game from 0.21-a0-50-g941c862 to 0.21-a0-52-gbf49515
 26633 | Lair:4   | Found a staircase to the Swamp.
 26648 | Lair:4   | Noticed Sonja
 26656 | Lair:4   | Killed Sonja
 26849 | Lair:4   | Noticed a four-headed hydra
 26861 | Lair:4   | Killed a four-headed hydra
 26937 | Lair:4   | Noticed a death yak
 26943 | Lair:4   | Noticed a death yak
 26951 | Lair:4   | Noticed a death yak
 26951 | Lair:4   | Killed a death yak
 26951 | Lair:4   | Reached XP level 13. HP: 111/111 MP: 18/18
 27003 | Lair:3   | Upgraded the game from 0.21-a0-52-gbf49515 to 0.21-a0-59-g7b0e191
 28699 | Lair:4   | Received a gift from Yredelemnul (a wraith)
 29474 | Lair:4   | Reached skill level 17 in Bows
 29582 | Lair:4   | HP: 4/112 [meliai/hand axe (3)]
 30302 | Lair:4   | HP: 7/169 [meliai/divine providence (7)]
 30303 | Lair:4   | Killed from afar by a meliai

Vault maps used:
D:1:      ncdulo_smallfort
D:2:      dancing_weapons_uskayaw, guppyfry_early_orc_mine, uniq_natasha,
          uniq_crazy_yiuf_cottage, uniq_sigmund, uniq_jessica
D:3:      first_bread, chequers_ecumenical_altar_simple, uniq_robin
D:5:      uniq_duvessa, uniq_blork_the_orc, uniq_ijyb, uniq_menkaure
D:6:      nicolae_overflow_hidden_temple, nemelex_xobeh_ov_fountains_minmay,
          minmay_temple_entry_trees, uniq_prince_ribbit1, uniq_grinder,
          uniq_eustachio
D:7:      gammafunk_temple_overflow_claw, nicolae_ossuary_entry_monument,
          the_bakery, uniq_pikel
D:9:      uniq_joseph
D:10:     david_lair_shrubbed, david_orc_4, fountainhead, pond
Temple:   eino_temple_scatter_basement
Lair:1:   dpeg_stationary_puzzle, grunt_megastairs_4
Lair:2:   dragon1_lemuel, minmay_snake_entry_guardpost_small,
          portal_ice_cave_entry_ice_beasts
Lair:3:   serial_bayou_shore_a
Lair:4:   regret_index_tunnel_blossom, swamp_mist, uniq_sonja
Snake:1:  serial_shops, shop
Ossuary:  ossuary_tomb_1

Skill      XL: |  1  2  3  4  5  6  7  8  9 10 11 12 13 |
---------------+----------------------------------------+-----
Bows           | 6 7 8 9 10 11 13 15 16 17 | 17.2
Fighting       | 3 4 5 6 7 8 9 |  9.8
Polearms       | 5 9 10 11 12 13 | 13.0
Invocations    | 3 5 7 8 |  8.1
Dodging        | |  1.3
Stealth        | |  0.4

Action                   |  1- 3 |  4- 6 |  7- 9 | 10-12 | 13-15 || total
-------------------------+-------+-------+-------+-------+-------++-------
Melee: Short sword       |    77 |       |       |       |       ||    77
       Kick              |    14 |    30 |   235 |   114 |    52 ||   445
       Scythe            |       |   163 |   169 |   340 |   159 ||   831
       Trident           |       |       |   569 |    19 |       ||   588
       Shortbow          |       |       |       |     3 |       ||     3
 Fire: Shortbow          |    16 |    35 |    44 |  1032 |   129 ||  1256
Invok: Animate Remains   |       |       |       |     3 |       ||     3
       Animate Dead      |       |       |       |     9 |    16 ||    25
       Recall Undead Sla |       |       |       |     2 |     1 ||     3
       Injury Mirror     |       |       |       |     2 |       ||     2
       Drain Life        |       |       |       |     1 |     1 ||     2
       Stop Recall       |       |       |       |       |     1 ||     1
Evoke: Wand              |       |       |       |    11 |       ||    11
  Use: Potion            |       |       |     5 |    10 |     4 ||    19
       Scroll            |       |       |     2 |    20 |       ||    22
 Stab: Distracted        |       |       |     1 |       |     2 ||     3
  Eat: Chunk             |     1 |     6 |    11 |    28 |    10 ||    56
       Royal jelly       |       |       |     3 |     6 |       ||     9
       Fruit             |       |       |     2 |     2 |       ||     4
       Bread ration      |       |       |     2 |       |     1 ||     3
       Meat ration       |       |       |       |     2 |       ||     2
Armor: Scale mail        |    40 |   147 |   432 |       |       ||   619
       Leather armour    |     5 |       |       |       |       ||     5
       Skin              |       |       |    25 |       |       ||    25
       Chain mail        |       |       |     4 |   364 |       ||   368
       Plate armour      |       |       |       |    62 |   231 ||   293
Dodge: Dodged            |    33 |   104 |   296 |   143 |    41 ||   617
